 Dungeon Crawl Stone Soup version 0.18-a0-1577-gf591c28 (webtiles) character file.

63 Ijustatesigmund the Insei (level 4, 0/30 HPs)
             Began as an Octopode Transmuter on Mar 19, 2016.
             Slain by an orc (5 damage)
             ... on level 3 of the Dungeon.
             The game lasted 00:05:35 (1365 turns).

Ijustatesigmund the Insei (Octopode Transmuter)     Turns: 1365, Time: 00:05:36

Health: 0/30       AC:  1    Str: 10    XL:     4   Next: 10%
Magic:  7/7        EV: 11    Int: 15    God:
Gold:   158        SH:  3    Dex: 12    Spells: 3 memorised, 1 level left

rFire  . . .     SeeInvis .       - Unarmed
rCold  . . .     Gourm    .     m - +0 buckler
rNeg   . . .     Faith    .     (helmet restricted)
rPois  .         Spirit   .     (no amulet)
rElec  .         Dismiss  .     (no ring)
rCorr  .         Reflect  .     (no ring)
SustAt .         Harm     .     (no ring)
MR     .....                    (no ring)
Stlth  ++........               (no ring)
                                (no ring)
                                (no ring)
                                (no ring)

@: appendage (expiring), hasted, very quick, not resistant to hostile
enchantments, unstealthy
A: almost no armour, amphibious, 8 rings, constrict 8, tentacle spike 3,
camouflage 1, gelatinous body 1
a: End Transformation


You were on level 3 of the Dungeon.
You were hungry.
One of your tentacles had a temporary spike.
You visited 1 branch of the dungeon, and saw 3 of its levels.

You collected 158 gold pieces.

Inventory:

Missiles
 a - 44 arrows
Armour
 m - a +0 buckler (worn)
Scrolls
 l - 2 scrolls of random uselessness
 o - a scroll of remove curse
Potions
 e - a potion of agility {unknown}
 g - 3 potions of curing
 h - a potion of brilliance {unknown}
 i - 2 potions of lignification {unknown}
 j - a potion of mutation {unknown}
 k - a potion of heal wounds {unknown}
Books
 b - a book of Changes

   Spells                             Type                      Level
   a - Beastly Appendage              Transmutation                1
   b - Sticks to Snakes               Transmutation                2
   c - Spider Form                    Transmutation/Poison         3
   d - Ice Form                       Ice/Transmutation            4
   e - Blade Hands                    Transmutation                5
Comestibles
 c - a bread ration
 d - a slice of pizza


   Skills:
 - Level 2.4 Fighting
 - Level 2.0 Dodging
 + Level 1.0 Shields
 - Level 3.9 Unarmed Combat
 - Level 2.0 Spellcasting
 - Level 2.0 Transmutations
 + Level 0.5 Poison Magic


You had one spell level left.
You knew the following spells:

 Your Spells              Type           Power        Failure   Level  Hunger
a - Beastly Appendage     Trmt           #.....       14%         1    #......
b - Sticks to Snakes      Trmt           #.......     21%         2    ###....
c - Spider Form           Trmt/Pois      #.........   67%         3    ###....


Dungeon Overview and Level Annotations

Branches:
Dungeon (3/15)

Altars:
Ashenzari
Elyvilon
Fedhas


Innate Abilities, Weirdness & Mutations

You cannot wear most types of armour.
You are amphibious.
You can wear up to eight rings at the same time.
You can use your tentacles to constrict eight enemies at once.
Your skin changes colour to match your surroundings (Stealth).
Your rubbery body absorbs attacks (AC +1).
One of your tentacles bears a large vicious spike.


Message History

You block the orc wizard's attack. The orc hits you. The orc barely misses you.
The giant newt barely misses you.
The orc wizard hits you but does no damage.
Read which item? (? for menu, Esc to quit)
Identify which item? (\ to view known items) (? for menu, Esc to quit)
As you read the scroll of identify, it crumbles to dust.
g - 3 potions of curing The orc wizard hits you with a dagger of flaming.
The orc wizard burns you. The orc hits you. x2
You block the giant newt's attack.
Welcome back, Ijustatesigmund the Octopode Transmuter.
Press ? for a list of commands and other information.
Drink which item? (? for menu, Esc to quit)
You feel yourself speed up.
The orc wizard hits you with a dagger of flaming.
* * * LOW HITPOINT WARNING * * *
The orc wizard burns you.
* * * LOW HITPOINT WARNING * * *
The orc misses you. The orc hits you.
You die...

#.....####..........#
#####.....##..>..........
#......##................
#......##......####.#####
#......##.............
#......##.......### ##
##......##.......#
#.......#####+#..#
#........@oK.....#
#.....#.loo......#
#..[..#...[......
#.....#..........
#..........$.....
#.............!..
#................
###.........##


You could see an orc wizard, 2 orcs, a kobold and a giant newt.

Vanquished Creatures
  2 adders (D:2)
  An ooze (D:1)
  2 dart slugs
  A giant gecko (D:2)
  A ball python (D:2)
  8 bats
  3 giant cockroaches
  3 goblins
  3 hobgoblins
  2 jackals (D:1)
  A kobold (D:1)
  2 giant newts (D:1)
  7 rats
36 creatures vanquished.

Notes
Turn   | Place    | Note
--------------------------------------------------------------
     0 | D:1      | Ijustatesigmund the Octopode Transmuter began the quest for the Orb.
     0 | D:1      | Reached XP level 1. HP: 13/13 MP: 3/3
   125 | D:1      | Reached XP level 2. HP: 18/18 MP: 5/5
   129 | D:1      | Learned a level 2 spell: Sticks to Snakes
   289 | D:1      | Reached XP level 3. HP: 13/24 MP: 4/6
   568 | D:1      | Learned a level 3 spell: Spider Form
   597 | D:2      | Found a shattered altar of Ashenzari.
   689 | D:2      | Found a blossoming altar of Fedhas.
   728 | D:2      | Found a white marble altar of Elyvilon.
   840 | D:2      | Reached skill level 1 in Shields
   840 | D:2      | Reached XP level 4. HP: 20/30 MP: 7/7
  1365 | D:3      | Slain by an orc

Vault maps used:
D:1:      lightli_arrival_boilingwater, minmay_door_square
D:2:      lemuel_doored_altar, ashenzari_altar_1, lemuel_round_altar
D:3:      nemelex_deck, first_bread, minmay_misc_feat_more_columns

Skill      XL: |  1  2  3 |
---------------+----------+-----
Fighting       | 2 |  2.4
Shields        | 1 |  1.0
Dodging        | |  2.0
Unarmed Combat | |  3.9
Spellcasting   | |  2.0
Transmutations | |  2.0
Poison Magic   | |  0.5

Action                   |  1- 3 |  4- 6 || total
-------------------------+-------+-------++-------
Melee: Unarmed           |    70 |     9 ||    79
 Cast: Beastly Appendage |     6 |     2 ||     8
  Use: Scroll            |     7 |     2 ||     9
       Potion            |       |     1 ||     1
 Stab: Sleeping          |     3 |       ||     3
  Eat: Chunk             |       |     1 ||     1
